 Dungeon Crawl Stone Soup version 0.29.1-13-g9f3cf754e1 (webtiles) character file.

Game seed: 2097172880903404504

241 Oxelix the Chopper (level 6, 0/56 HPs)
             Began as a Hill Orc Monk on Feb 7, 2023.
             Slain by Terence
             ... wielding a +0 flail
              (3 damage)
             ... on level 3 of the Dungeon.
             The game lasted 00:05:37 (3017 turns).

Oxelix the Chopper (Hill Orc Monk)                  Turns: 3017, Time: 00:05:37

Health: 0/56       AC:  8    Str: 16    XL:     6   Next: 8%
Magic:  6/6        EV:  7    Int: 10    God:
Gold:   76         SH:  0    Dex: 13    Spells: 5/5 levels left

rFire   . . .      SeeInvis .   a - +0 hand axe
rCold   . . .      Faith    .   (no shield)
rNeg    . . .      Spirit   .   k - +0 chain mail
rPois   .          Reflect  .   (no helmet)
rElec   .          Harm     .   (no cloak)
rCorr   .          Rampage  .   (no gloves)
Will    .....                   (no boots)
Stlth   ..........              (no amulet)
HPRegen 0.18/turn               (no ring)
MPRegen 0.10/turn               (no ring)

@: brilliant
A: no striking features
a: no special abilities


You were on level 3 of the Dungeon.
You visited 1 branch of the dungeon, and saw 3 of its levels.

You collected 76 gold pieces.

Inventory:

Hand Weapons
 a - a +0 hand axe (weapon)
Missiles
 f - 3 atropa-tipped darts (quivered)
 s - 4 poisoned darts
Armour
 k - a +0 chain mail (worn)
Wands
 q - a wand of flame (12)
Scrolls
 d - a scroll of summoning {unknown}
 e - a scroll of poison {unknown}
 l - a scroll of torment {unknown}
 n - a scroll of vulnerability {unknown}
 p - a scroll of teleportation {unknown}
Potions
 g - 2 potions of brilliance
 h - a potion of invisibility {unknown}
 i - a potion of flight {unknown}
 j - a potion of haste {unknown}
 m - a potion of lignification {unknown}
 o - a potion of berserk rage {unknown}
 r - a potion of cancellation {unknown}


   Skills:
 + Level 5.4 Fighting
 * Level 7.5 Axes
 - Level 2.4 Dodging
 - Level 1.5 Stealth


You had 5 spell levels left.
You didn't know any spells.
Your spell library contained the following spells:

 Spells                   Type           Power      Damage    Failure   Level
 Apportation              Tloc           0%         N/A       100%        1
 Blink                    Tloc           0%         N/A       100%        2
 Iskenderun's Mystic Bla  Conj/Tloc      0%         2d3       100%        4
 Sticky Flame             Conj/Fire      0%         2d3       100%        4
 Alistair's Intoxication  Tmut/Pois      0%         N/A       100%        5
 Summon Forest            Summ/Tloc      0%         N/A       100%        5
 Eringya's Noxious Bog    Tmut/Pois      0%         N/A       100%        6
 Summon Hydra             Summ           0%         N/A       100%        7
 Disjunction              Tloc           0%         N/A       100%        8


Dungeon Overview and Level Annotations

Branches:
Dungeon (3/15)

Altars:

Annotations:
D:3 Terence


Message History

You kill the goblin!
You hit the orc. Terence hits you with a +0 flail.
* * * LOW HITPOINT WARNING * * *
The orc hits you but does no damage.
You completely miss Terence.
Terence is heavily wounded.
You closely miss the orc. x2; Terence hits you with a +0 flail.
* * * LOW HITPOINT WARNING * * *
The orc hits you but does no damage. The orc hits you with a +0 club.
* * * LOW HITPOINT WARNING * * *
You barely miss Terence.
Terence is heavily wounded.
You hit the orc. You barely miss the orc. Terence hits you with a +0 flail.
* * * LOW HITPOINT WARNING * * *
The orc hits you but does no damage. The orc hits you with a +0 club.
* * * LOW HITPOINT WARNING * * *
The orc attacks as you move away! The orc hits you but does no damage.
Terence attacks as you move away! Terence hits you with a +0 flail.
* * * LOW HITPOINT WARNING * * *
It was a potion of brilliance.
You feel clever all of a sudden. Terence hits you with a +0 flail.
* * * LOW HITPOINT WARNING * * *
You feel better. Terence barely misses you.
You feel better. Terence closely misses you.
You hit Terence.
Terence is severely wounded.
Terence barely misses you.
You hit Terence but do no damage.
Terence is severely wounded.
Terence hits you with a +0 flail.
* * * LOW HITPOINT WARNING * * *
You hit Terence but do no damage.
Terence is severely wounded.
Terence hits you with a +0 flail!
* * * LOW HITPOINT WARNING * * *
You hit Terence.
Terence is almost dead.
Terence hits you with a +0 flail.
You die...

.........##.........
........†+.#........
.........#........>.
..............#.###
..###.....##..#.####.
####8###.........
###.#..#.#.###
..###.)#......#
....((o@@.#...#
#.#...o#......#
#.$.8..#.<....#
.##...##.#.#### ..$##
#?#.# ###. #.#.# #
#.#.# #.#


You could see Terence and 2 orcs.

Vanquished Creatures
  4 vampire bats (D:3)
  2 adders
  3 dart slugs
  3 orcs
  8 bats
  7 endoplasms
  2 giant cockroaches (D:1)
  8 hobgoblins
  A jackal (D:1)
  5 ball pythons
  A frilled lizard (D:2)
  5 goblins
  4 kobolds
  8 rats
61 creatures vanquished.

Notes
Turn   | Place    | Note
-------+----------+-------------------------------------------
     0 | D:1      | Oxelix the Hill Orc Monk began the quest for the Orb.
     0 | D:1      | Reached XP level 1. HP: 19/19 MP: 1/1
   316 | D:1      | You fall into a shaft and drop 1 floor!
   353 | D:2      | Reached XP level 2. HP: 27/27 MP: 2/2
   922 | D:1      | Reached skill level 5 in Axes
  1014 | D:1      | Reached XP level 3. HP: 30/33 MP: 3/3
  2200 | D:2      | Reached XP level 4. HP: 40/41 MP: 4/4
  2299 | D:2      | Found a faded altar of an unknown god.
  2502 | D:3      | Reached skill level 6 in Axes
  2511 | D:3      | Reached skill level 5 in Fighting
  2511 | D:3      | Reached XP level 5. HP: 33/48 MP: 5/5
  2624 | D:3      | Reached skill level 7 in Axes
  2640 | D:3      | Reached XP level 6. HP: 52/56 MP: 6/6
  2962 | D:3      | Got the Tractate on Conflagrant Elsewhere
  2989 | D:3      | Noticed Terence
  3010 | D:3      | HP: 2/56 [Terence/+0 flail (5)]
  3017 | D:3      | Slain by Terence

Illustrated notes

Levels and vault maps discovered:
D:1:      dpeg_cavernosity, layout_loops_ring
D:2:      layout_basic, shapermc_ecumenical_altar_mp_vishouse, minmay_circled_x
D:3:      layout_basic, roderic_batcave, guppyfry_early_orc_mine, uniq_natasha,
          uniq_terence

Skill      XL: |  1  2  3  4  5 |
---------------+----------------+-----
Fighting       | 4 5 |  5.4
Axes           | 5 6 7 |  7.5
Dodging        | |  2.4
Stealth        | |  1.5

Action                   |  1- 3 |  4- 6 || total
-------------------------+-------+-------++-------
Melee: Hand axe          |   145 |    66 ||   211
       Punch             |       |     1 ||     1
  Use: Potion            |       |     6 ||     6
 Stab: Sleeping          |     2 |       ||     2
       Distracted        |     1 |       ||     1
Armor: Ring mail         |    30 |       ||    30
       Chain mail        |    26 |    86 ||   112
Dodge: Dodged            |    78 |    42 ||   120
